nht, chaotic female elven Wizard ------- --- -- .....|---- |.- --.-- ....|).!| |. ..... ...|[![| |. -... -----..|...| -. --- |..- |.(.|..--|---+- .- |..--.- |((.-@Z(.%........- -..| |.....| |.(.|G.%%..--+- | |..| --....--- -+------..G...| |..| |-.....| |........@....| |.. |......--- --+-.....---|-------------.-- --.-......- |..-.-|..................| |...|......- |. |. -----....---------.| ---.---.......| - | +....| |.| |...| --....-- |....+ |.----.--- .... -....| |.......| ...- .....- ---....-- ..| -..... .....-- .| |...--- ----..| -- ----- ---- nht the Thaumaturge Experience level: 6 Strength: 9 Dexterity: 15 Constitution: 13 Intelligence: 16 Wisdom: 10 Charisma: 12 Health: 0(40) Energy: 42(55) Def: 1 Gold: 463 Moves: 861 Dungeon seed: 3_ZpQSPDslimlVuJ Game ID: nht_1434088606 Your Inventory: Coins $ - 463 gold pieces Weapons a - a blessed +1 quarterstaff (weapon in hands) E - 8 +0 shuriken Armor e - an uncursed +0 cloak of magic resistance (being worn) Comestibles A - an uncursed slime mold Scrolls j - an uncursed scroll of gold detection k - an uncursed scroll of confuse monster s - an uncursed scroll of scare monster t - an uncursed scroll of enchant weapon u - an uncursed scroll of earth z - an uncursed scroll of light H - a blessed scroll of identify Spellbooks l - a blessed spellbook of force bolt I - an uncursed spellbook of teleport away Potions M - an uncursed potion of water Rings c - an uncursed +1 ring of gain constitution d - an uncursed ring of fire resistance Wands q - a wand of striking (0:4) w - a wand of undead turning (0:4) J - a wand of locking (0:5) P - a wand of magic missile (0:4) Tools b - an uncursed bag of holding i - an uncursed magic lamp o - a magic marker (0:96) p - an uncursed leather drum v - an uncursed lock pick y - an uncursed partly used wax candle (lit) (0:6) D - an uncursed wax candle (0:400) G - 7 blessed tallow candles (0:200) K - an uncursed brass lantern (0:1239) L - an expensive camera (0:87) Q - an uncursed tin whistle Contents of the bag of holding: an uncursed scroll of enchant weapon Spells known in the end: Name Level Category Fail Memory a - force bolt 1 attack 0% 96% b - magic missile 2 attack 0% 96% c - haste self 3 escape 91% 96% Your skills at the end: Fighting Skills Weapon Skills quarterstaff [Basic] Spellcasting Skills attack spells [Basic] enchantment spells [Basic] Final Attributes: You were piously aligned. You were sleep resistant. You were magic-protected. You had infravision. You are dead. Vanquished creatures: a giant spider 6 gnome lords 2 gnomish wizards 6 dwarves a giant bat 3 orc zombies a hobbit 15 gnomes a gecko 2 goblins 2 sewer rats 2 grid bugs 2 lichens 2 kobold zombies 2 newts 48 creatures vanquished. Voluntary challenges: You followed a strict vegan diet. You used a wielded weapon 59 times, starting on turn 9. You read items or engraved 8 times, starting on turn 87. You never genocided any monsters. You never polymorphed an object. You never changed form. You used no wishes. You never split a pudding. You wrote Elbereth's name 2 times, starting on turn 649. You never violated your personal moral code. You disabled loading bones files. Dungeon overview: The Dungeons of Doom: levels 1 to 4 Level 1 a long staircase Level 2 Level 3 Level 4 stairs to The Gnomish Mines The Gnomish Mines: levels 5 to 8 Level 5 stairs to The Dungeons of Doom Level 6 Level 7 Level 8 <- You were here some shops, a fountain History has recorded: On T:1 you entered the Dungeons of Doom to retrieve the Amulet of Yendor! On T:98 you reached level 2 of The Dungeons of Doom. On T:168 you advanced to experience level 2. On T:276 you reached level 3 of The Dungeons of Doom. On T:373 you reached level 4 of The Dungeons of Doom. On T:448 you reached level 1 of The Gnomish Mines. On T:456 you advanced to experience level 3. On T:484 you advanced to experience level 4. On T:513 you advanced to experience level 5. On T:541 you reached level 2 of The Gnomish Mines. On T:618 you reached level 3 of The Gnomish Mines. On T:684 you advanced to experience level 6. On T:771 you reached level 4 of The Gnomish Mines. Score breakdown: Gold: 463 ( 9070 points) Experience: 6 levels (12456 points) Exploration: 8 levels ( 17.78%) (11965 points) Discoveries: 6 items ( 2.17%) ( 4423 points) Valuables value: (no points given unless you survive) Artifact value: 0 ( 0 points) Variety of kills: 15 monsters ( 3.96%) ( 5968 points) Time penalty: 861 turns ( 0 points) Survival: died (score multiplied by 80%) Total score: 35105 Latest messages: You drop a blessed spellbook of magic missile. You sold a blessed spellbook of magic missile for 100 gold pieces. You drop an uncursed spellbook of haste self. You sold an uncursed spellbook of haste self for 150 gold pieces. You drop a spellbook called plaid3 (unpaid, 300 zorkmids). You drop an uncursed potion of confusion. You sold an uncursed potion of confusion for 50 gold pieces. You drop an uncursed potion of paralysis. You sold an uncursed potion of paralysis for 150 gold pieces. You drop a lamp. You hit the orc zombie! The orc zombie hits! The gnome lord swings his crossbow. The gnome lord hits! You die... Final status: Goodbye nht the Wizard, killed by a gnome lord... You died in The Gnomish Mines on dungeon level 8 with 35105 points, and 463 pieces of gold, after 861 moves. You were level 6 with a maximum of 40 hit points when you died.